 Dungeon Crawl Stone Soup version 0.30-a0-310-g7d6cbdfea6 (webtiles) character file.

Game seed: 17839646867527290217

273 Lanoc the Firebug (level 6, -4/32 HPs)
             Began as a Deep Elf Fire Elementalist on Oct 24, 2022.
             Killed from afar by a manticore (19 damage)
             ... with a volley of spikes
             ... on level 7 of the Dungeon.
             The game lasted 00:05:16 (3326 turns).

Lanoc the Firebug (Deep Elf Fire Elementalist)      Turns: 3326, Time: 00:05:16

Health: -4/32      AC:  3    Str:  5    XL:     6   Next: 2%
Magic:  8/12       EV: 14    Int: 22    God:
Gold:   162        SH:  0    Dex: 15    Spells: 8/11 levels left

rFire   . . .      SeeInvis .    (no weapon)
rCold   . . .      Faith    .    (no shield)
rNeg    . . .      Spirit   .    a - +0 robe
rPois   .          Reflect  .    (no helmet)
rElec   .          Harm     +    k - scarf {harm}
rCorr   +          Rampage  .    (no gloves)
Will    .....                    d - +0 pair of boots
Stlth   ++........               (no amulet)
HPRegen 0.25/turn                o - ring of resist corrosion
MPRegen 0.13/turn                (no ring)

@: spiked
A: no striking features
a: no special abilities


You were on level 7 of the Dungeon.
You visited 1 branch of the dungeon, and saw 5 of its levels.

You collected 162 gold pieces.

Inventory:

Armour
 a - a +0 robe (worn)
 d - a +0 pair of boots (worn)
 k - a scarf of harm (worn)
Jewellery
 o - a ring of resist corrosion (left hand)
Scrolls
 c - 6 scrolls of identify {unknown}
 f - a scroll of enchant weapon {unknown}
 g - a scroll of vulnerability {unknown}
 h - a scroll of blinking {unknown}
 i - 2 scrolls of noise {unknown}
 l - a scroll of magic mapping {unknown}
 m - 2 scrolls of butterflies {unknown}
 r - a scroll of fear {unknown}
Potions
 b - a potion of magic
 e - a potion of resistance {unknown}
 j - a potion of invisibility {unknown}
 n - 2 potions of curing {unknown}
 p - a potion of brilliance {unknown}
 q - a potion of degeneration {unknown}
 s - a potion of flight {unknown}


   Skills:
 + Level 4.7 Dodging
 - Level 2.4 Stealth
 - Level 3.0 Spellcasting
 - Level 1.1 Conjurations
 * Level 6.4 Fire Magic


You had 8 spell levels left.
You knew the following spells:

 Your Spells              Type           Power      Damage    Failure   Level
a - Foxfire               Conj/Fire      76%        2x1d7     2%          1
b - Scorch                Fire           62%        2d8       1%          2

Your spell library contained the following spells:

 Spells                   Type           Power      Damage    Failure   Level
 Inner Flame              Hex/Fire       17%        N/A       10%         3
 Kindle Blastsparks       Fire/Tloc/Air  24%        2d12      16%         3
 Sublimation of Blood     Necr           3%         N/A       19%         2
 Flame Wave               Conj/Fire      19%        2d7       26%         4
 Petrify                  Tmut/Erth      3%         N/A       77%         4
 Irradiate                Conj/Tmut      2%         3d12      95%         5


Dungeon Overview and Level Annotations

Branches:
Dungeon (7/15)
 Temple: D:4-7

Altars:
Dithmenos
Yredelemnul
The Shining One


Message History

Flames lash the ice beast.
The ice beast melts!
You kill the ice beast!
Your Fire Magic skill increases to level 6!
You have reached level 6!
Your foxfire dissipates! x2
There is an open door here.
c - 6 scrolls labelled LITALI NOBICZA (gained 1)
You see here a +0 ring mail.
n - 2 brown potions (gained 1)
There is an open door here.
You open the door.
A manticore comes into view.
The manticore flicks its tail.
The volley of spikes hits you!
The barbed spikes become lodged in your body.
Ouch! That really hurt!
You are too injured to fight recklessly!
Casting: Scorch (safe; 1% risk of failure)
Confirm with . or Enter, or press ? or * to list all spells.
You conjure some foxfire!
Casting: Foxfire (safe; 2% risk of failure)
Confirm with . or Enter, or press ? or * to list all spells.
You conjure some foxfire!
The foxfire hits the manticore.
The manticore is lightly wounded.
The foxfire hits the manticore.
The manticore is lightly wounded.
Casting: Foxfire (safe; 2% risk of failure)
Confirm with . or Enter, or press ? or * to list all spells.
Flames lash the manticore.
The manticore is moderately wounded.
The manticore's fire resistance burns away.
The foxfire hits the manticore.
The manticore is heavily wounded.
The foxfire hits the manticore.
The manticore is heavily wounded.
The manticore flicks its tail.
The volley of spikes hits you!
The barbed spikes become lodged in your body.
Ouch! That really hurt!
You die...

##.[.## #.# #.....#
#)# #....)# #.##
#.....###..######
##...##..........
###
###'###..>.######
##... #..........#
#.....#§§.........#
#....H§@.8.......##
#.....#§......#..#
##... #.......#..#
### ###+#####..#
#.^# ...#


You could see a manticore (combustible).

Vanquished Creatures
  An ice beast (D:7)
  An orc priest (D:7)
  Natasha (thrice) (D:2)
  2 adders
  A dart slug (D:3)
  9 orcs
  7 bats
  3 endoplasms (D:1)
  6 goblins
  2 hobgoblins (D:1)
  4 kobolds
  2 quokkas
  7 ball pythons
  5 frilled lizards (D:1)
  7 rats
60 creatures vanquished.

Vanquished Creatures (others)
  A frilled lizard (D:3)
  224 foxfires
  A plant (D:2)
226 creatures vanquished.

Grand Total: 286 creatures vanquished

Notes
Turn   | Place    | Note
-------+----------+-------------------------------------------
     0 | D:1      | Lanoc the Deep Elf Fire Elementalist began the quest for
                  | the Orb.
     0 | D:1      | Reached XP level 1. HP: 10/10 MP: 6/6
   200 | D:1      | Reached XP level 2. HP: 15/15 MP: 6/8
   414 | D:1      | Reached skill level 4 in Fire Magic
   815 | D:2      | Noticed Natasha
   821 | D:2      | Killed Natasha
   822 | D:2      | Reached XP level 3. HP: 8/19 MP: 2/9
   825 | D:2      | Learned a level 2 spell: Scorch
  1009 | D:2      | Noticed Natasha
  1020 | D:2      | Killed Natasha
  1021 | D:2      | Reached XP level 4. HP: 14/24 MP: 1/10
  1116 | D:2      | Noticed Natasha
  1120 | D:2      | Killed Natasha
  1121 | D:2      | Reached skill level 5 in Fire Magic
  1747 | D:3      | Found a shadowy altar of Dithmenos.
  2226 | D:3      | Reached XP level 5. HP: 14/28 MP: 4/11
  2321 | D:3      | Found a basalt altar of Yredelemnul.
  2332 | D:3      | Found a glowing golden altar of the Shining One.
  2334 | D:3      | Noticed an angel
  3072 | D:4      | You fall into a shaft and drop 3 floors!
  3096 | D:7      | Noticed a sky beast
  3107 | D:7      | Noticed an orc warrior
  3257 | D:7      | Noticed an ice beast
  3261 | D:7      | Killed an ice beast
  3262 | D:7      | Reached skill level 6 in Fire Magic
  3262 | D:7      | Reached XP level 6. HP: 32/32 MP: 6/12
  3323 | D:7      | Noticed a manticore
  3326 | D:7      | Killed from afar by a manticore

Illustrated notes

Levels and vault maps discovered:
D:1:      dpeg_arrival_rooms_a, layout_rooms
D:2:      layout_basic, serial_forest, infiniplex_forest_lined_3_way,
          infiniplex_forest_clump_small, infiniplex_forest_end_2,
          infiniplex_forest_join, infiniplex_forest_clump_long,
          infiniplex_forest_lined_room_, infiniplex_forest_clump_cross,
          infiniplex_forest_clump_small, uniq_natasha
D:3:      layout_loops_corners, grunt_temple_overflow_holy_war,
          nicolae_dithmenos_shadow_blocks
D:4:      layout_loops_ring, nzn_wu_jian_contemplation, serial_shops, shop
D:7:      layout_loops_corners, temple_pool_b, serial_park_tiny_1,
          minmay_three_doors

Skill      XL: |  1  2  3  4  5 |
---------------+----------------+-----
Fire Magic     | 4 5 6 |  6.4
Dodging        | 3 4 |  4.7
Stealth        | |  2.4
Spellcasting   | |  3.0
Conjurations   | |  1.1

Action                   |  1- 3 |  4- 6 || total
-------------------------+-------+-------++-------
Melee: Unarmed           |     6 |     4 ||    10
 Cast: Foxfire           |    57 |    72 ||   129
       Scorch            |     1 |     2 ||     3
 Stab: Sleeping          |       |     1 ||     1
Armor: Robe              |     1 |     7 ||     8
Dodge: Dodged            |    14 |    10 ||    24

Table legend: (Time is in decaauts)
 A = Elapsed time spent in this place.
 B = Non-inter-level travel time spent in this place.
 C = Inter-level travel time spent in this place.
 D = Time resting spent in this place.
 E = Time spent auto-exploring this place.
 F = Levels seen in this place.
 G = Mean time per level.
                   A        B        C        D        E       F      G
               +--------+--------+--------+--------+--------+-----+--------+
         Total |   3324 |   3213 |    111 |      0 |   2857 |   5 |  664.8 |
       Dungeon |   3324 |   3213 |    111 |      0 |   2857 |   5 |  664.8 |
               +--------+--------+--------+--------+--------+-----+--------+

Top non-repeatable levels by time:
     D:3: 1189 daAuts
     D:2: 918 daAuts
     D:1: 815 daAuts
     D:7: 253 daAuts
     D:4: 147 daAuts
